[Event "Champions Chess Tour ChessKid Cup 2023"]
[Site "Chess.com"]
[Date "2023.05.22"]
[Round "1"]
[White "Nakamura, Hikaru"]
[Black "Van Foreest, Jorden"]
[Result "0-1"]
[WhiteElo "2775"]
[BlackElo "2689"]
[ECO "D02"]
[EventDate "2023.??.??"]
[Annotator "Rafael Leitao"]
[PlyCount "97"]
[Beauty "7080853381210"]
[EventType "team-tourn"]
[TimeControl "900+3"]

1.Nf3 d5 2.d4 Nf6 3.Bf4 c5 4.e3 e6 5.Nbd2 Qb6 $5 {[%c_effect b6;square;b6;type;Interesting;persistent;true] An interesting way to meet the London System.} 6.Rb1 {Black won't have many problems in the game continuation, so maybe White should seek a more active way to play.} ( 6.c4 {was tried by Erigaisi, and he quickly got into a winning position.} 6...Nc6 $1 {[%c_effect c6;square;c6;type;GreatFind;persistent;true] This is the best reply.} ( 6...cxd4 $6 7.exd4 dxc4 8.Nxc4 Bb4+ $2 9.Bd2 Bxd2+ 10.Qxd2 Qd8 11.Qb4 {White was winning in Erigaisi-Xiong, FTX Road to Miami 2022.} ) ) 6...cxd4 7.exd4 Bd7 $1 {[%c_effect d7;square;d7;type;GreatFind;persistent;true] A plan that is very typical in the French Defense. Black wants to exchange light-squared bishops.} 8.Be2 ( 8.c3 {leads to an equal endgame after} 8...Bb5 9.Qb3 Bxf1 10.Qxb6 axb6 11.Rxf1 Nc6 12.a3 ) 8...Bb5 9.O-O Bxe2 10.Qxe2 Nc6 11.c3 Be7 {Black has no problems, but White is solid. I think it's because of these types of positions that the London System has the reputation of being a dull opening.} 12.Ne1 $5 {[%c_effect e1;square;e1;type;Interesting;persistent;true] The knight heads to d3. A slow maneuvering game starts.} 12...O-O 13.Nd3 a5 $5 {[%c_effect a5;square;a5;type;Interesting;persistent;true] Gaining space on the queenside.} 14.a4 Qa6 15.Rfe1 Rfe8 16.h3 Nd7 17.Nf1 Nb6 18.Ra1 Nc4 19.b3 {This gives Black a few targets to aim at.} ( 19.h4 {is interesting, planning to gain some space on the kingside. Accepting the pawn is very dangerous, as we can see after} 19...Bxh4 $2 20.Nc5 Qa7 21.b3 Nb6 22.Qh5 Be7 23.Re3 {White has a strong attack.} ) 19...Nb6 ( 19...Nd6 {is also possible.} ) 20.Ng3 Nd7 21.Red1 g6 22.Be3 Bd6 23.f4 $2 {[%c_effect f4;square;f4;type;Mistake;persistent;true] A very commital move.} ( 23.Rac1 {is better, preparing c3-c4.} ) 23...Nf6 24.Bf2 Rac8 {Black's position is easier to play now, but Nakamura is always resourceful.} 25.Rac1 Ne7 26.c4 $1 {[%c_effect c4;square;c4;type;GreatFind;persistent;true] The only way, otherwise the knight goes to f5 and White is too passive.} 26...dxc4 $6 {[%c_effect c4;square;c4;type;Inaccuracy;persistent;true] This is not the best move, but the details are difficult to work out in a rapid game.} ( 26...h5 {It's better not to release the central tension just yet.} ) 27.bxc4 Nf5 ( 27...Rxc4 {This version of the sacrifice is also possible, but it doesn't grant an advantage.} 28.Nc5 Rxc1 29.Nxa6 Rxd1+ 30.Qxd1 bxa6 {The compensation is enough for equality.} ) 28.Nf1 $6 ( 28.Nxf5 exf5 29.Qa2 {leads to a double-edged game. The central pawns are dangerous.} ) 28...Rxc4 $3 {[%c_effect c4;square;c4;type;Brilliant;persistent;true] A brilliant queen sacrifice.} 29.Nc5 Rxc5 30.Qxa6 Rxc1 31.Qd3 {Black has a rook, knight, and pawn for the queen. His pieces are very active, and White has many weaknesses, so the sacrifice is fully justified.} 31...Rec8 ( 31...Rc6 {is probably more accurate.} ) 32.g3 $2 {[%c_effect g3;square;g3;type;Mistake;persistent;true] Too slow. White desperately needs counterplay.} ( 32.Rxc1 Rxc1 33.g4 $1 Ne7 34.Bh4 Nfd5 {Here, there are many attempts to get counterplay, one of them is} 35.f5 $5 {[%c_effect f5;square;f5;type;Interesting;persistent;true] with good drawing chances, for instance:} 35...gxf5 36.Bxe7 Nxe7 37.Qd2 {The a5-pawn falls and Black's king is open, so a perpetual check is likely.} ) 32...R1c3 33.Qb5 h5 $1 {[%c_effect h5;square;h5;type;GreatFind;persistent;true] Getting ready to destroy the pawn chain on the kingside.} 34.Qxb7 Nd5 35.Be1 Rc2 36.Bxa5 h4 $1 37.Be1 ( 37.g4 Ng3 {with a decisive attack.} ) 37...hxg3 38.Nxg3 Nh4 39.Bf2 Nxf4 40.Ne4 Nf3+ ( 40...Nxh3+ {is simpler:} 41.Kf1 Nf5 {with a winning position.} ) 41.Kh1 Nxh3 42.Rf1 {In a rapid game, it's impossible to be accurate in the final moments. Here there's a fantastic move that wins for Black, but good luck finding this with no time on the clock.} 42...Kg7 $2 {[%c_effect g7;square;g7;type;Mistake;persistent;true] Van Foreest wants to bring the rook to the h-file.} ( 42...R8c3 $1 {[%c_effect c3;square;c3;type;GreatFind;persistent;true] is a great move, bringing the rook to the game.} 43.a5 {Let's see what happens if White ignores everything and just pushes the pawn:} ( 43.Nxc3 {The rook cannot be captured:} 43...Nxf2+ 44.Rxf2 ( 44.Kg2 Nh4+ 45.Kg1 Nh3+ 46.Kh1 Rh2# ) 44...Rxf2 {White has to give up the queen in order not to get mated.} ) 43...Nxf2+ 44.Nxf2 ( 44.Rxf2 Rc1+ 45.Kg2 Nh4# {The c3-rook is doing its job.} ) 44...Nxd4 45.a6 Rh3+ $1 46.Nxh3 Rh2+ 47.Kg1 Ne2# ) 43.Nxd6 $2 ( 43.Kg2 $1 {[%c_effect g2;square;g2;type;GreatFind;persistent;true] gives White good escaping chances.} ) 43...Nxf2+ 44.Kg2 ( 44.Rxf2 Rxf2 45.Qxf7+ Kh6 46.Qf4+ g5 $1 47.Qf6+ Kh5 {The checks are over.} 48.Nxc8 Rh2# ) 44...Ne4+ 45.Kxf3 Nxd6 46.Qb1 R8c3+ 47.Kf4 f6 {Mate is inevitable.} 48.Rg1 Rf2+ 49.Kg4 ( 49.Kg4 f5+ 50.Kh4 Rh2+ 51.Kg5 Nf7+ 52.Kf4 Rf2# ) 0-1

[Event "Champions Chess Tour ChessKid Cup 2023"]
[Site "Chess.com"]
[Date "2023.05.23"]
[Round "2"]
[White "Abdusattorov, Nodirbek"]
[Black "Caruana, Fabiano"]
[Result "1-0"]
[WhiteElo "2731"]
[BlackElo "2764"]
[ECO "E06"]
[EventDate "2023.??.??"]
[Annotator "rafael"]
[PlyCount "105"]
[Beauty "6805644127241"]
[EventType "team-tourn"]
[TimeControl "900+3"]

1.d4 Nf6 2.c4 e6 3.Nf3 d5 4.g3 Be7 5.Bg2 O-O 6.Qd3 {A rare move that Abdusattorov had already tried before.} 6...b6 ( 6...c5 {is a possible alternative.} 7.O-O b6 ( 7...Nc6 8.cxd5 Nxd5 9.dxc5 Bxc5 10.Nc3 Nxc3 11.Qxc3 Qe7 12.Bf4 {with a tiny advantage for White in Abdusattorov-Lazavik, Chessable Masters 2023.} ) 8.cxd5 Ba6 9.Qc2 exd5 ( 9...Nxd5 $1 {[%c_effect d5;square;d5;type;GreatFind;persistent;true] is better.} ) 10.Nc3 Nc6 11.Rd1 {with a slight advantage for White in Abdusattorov-Lazavik, Chessable Masters 2023.} ) 7.cxd5 Nxd5 $1 {[%c_effect d5;square;d5;type;GreatFind;persistent;true] This is more accurate than taking with the pawn.} ( 7...exd5 8.Nc3 {leads to a typical structure from the Queen's Indian Defense where White can fight for a small advantage.} ) 8.O-O Bb7 ( 8...Ba6 {is also possible:} 9.Qc2 Nd7 10.Nc3 c5 11.Nxd5 exd5 {with a good position for Black in Ding-Giri, Legends of Chess (rapid) 2020.} ) 9.Nc3 Nd7 10.Nxd5 exd5 11.Bf4 c5 12.b3 a5 13.Rfd1 ( 13.a4 {was played in an online rapid game between Grischuk and Aronian, but it doesn't promise an advantage.} ) 13...a4 14.Rac1 axb3 15.axb3 {White has no advantage objectively, but his position is more comfortable to play. Black always has to be careful with the center.} 15...Ra3 $5 ( 15...Re8 {is more natural, but the move played is interesting to gain control of the a-file.} ) 16.Qc2 Re8 ( 16...Qa8 {I prefer this move, as now Black controls the a-file.} ) 17.h4 {Thematic. White gives air to the king, gains space on the kingside, and prepares Ng5 at some point.} 17...h6 {Also thematic. This has similar ideas to 17.h4 and avoids the knight jump to g5.} 18.Qb2 Ra8 19.Ne5 Bf6 {This is not objectively a mistake, but Black has to find a very good resource to stay alive.} ( 19...Nf6 {is probably safer, although White's position is easier to play.} ) 20.b4 $1 cxb4 $2 ( 20...cxd4 $3 {[%c_effect d4;square;d4;type;Brilliant;persistent;true] This fantastic move is the only way to play.} 21.Ng4 ( 21.Nxd7 Qxd7 22.Rc7 {It seems that White is winning a piece, but this is far from true.} 22...Qxc7 $1 ( 22...Qf5 {Even this is possible:} 23.Rxb7 d3 {with a messy position.} ) 23.Bxc7 d3 {This is the justification. The point is that Black gets the queen back after} 24.Qd2 ( 24.Be5 {The computer suggests this as better, but then it's clear that Black is fine.} ) 24...dxe2 25.Re1 Ra1 $1 {[%c_effect a1;square;a1;type;GreatFind;persistent;true] Forcing the march of the e-pawn.} 26.Bf3 Rxe1+ 27.Qxe1 Bc3 28.Qxe2 Rxe2 29.Bxe2 {With a pawn up for Black in the endgame.} ) 21...d3 22.Nxf6+ Qxf6 23.Qxf6 Nxf6 24.exd3 Ra4 {with a roughly equal endgame.} ) 21.Nc6 {Simple and good.} ( 21.Nxf7 $1 {[%c_effect f7;square;f7;type;GreatFind;persistent;true] is even better:} 21...Kxf7 22.Rc7 {Black's position collapses.} ) 21...Bxc6 22.Rxc6 Ra5 23.Bh3 ( 23.Qxb4 {leads to an overwhelming advantage after} 23...Rxe2 24.Rdc1 Re8 25.Bh3 {The bishop pair is devastating.} ) 23...Nf8 ( 23...Nc5 {is a nice try, but it doesn't offer much relief:} 24.Qxb4 Ne6 25.Be3 ) 24.Rc8 Qe7 25.Bd6 $1 {[%c_effect d6;square;d6;type;GreatFind;persistent;true] White wins the exchange. The rest, as they say, is a matter of technique, something that Abdusattorov is not lacking.} 25...Qxd6 26.Rxe8 Ra3 27.e3 g6 28.Rb1 Be7 29.Bg2 Qd7 30.Rxe7 $1 {[%c_effect e7;square;e7;type;GreatFind;persistent;true] Good technique, making the conversion easier.} 30...Qxe7 31.Bxd5 Ra5 32.Bc4 b5 33.Bf1 Ne6 34.Qxb4 Qxb4 35.Rxb4 Nc7 36.Rb1 Kf8 37.Rc1 $1 Ra7 38.Rc5 b4 ( 38...Rb7 39.Bg2 Ra7 40.Bc6 b4 41.Rc4 Na6 42.Ba4 {Black's pieces are tied to the defense of the b-pawn and now White can bring the king to center and start advancing the e and d-pawns.} ) 39.Rc4 $1 Nd5 40.Rc8+ Ke7 41.Rb8 {The rook should go behind the passed pawn.} 41...Ra1 42.Kg2 Rc1 43.Bd3 Rc3 44.Be4 Nf6 45.Rb7+ Kf8 46.Bf3 {The b-pawn finally is going to be captured.} 46...Rc4 47.Bd1 $1 Ne4 48.Bb3 Rc3 49.Rxb4 g5 50.hxg5 hxg5 51.Rb7 f6 52.Bd5 Nd6 53.Rd7 1-0

[Event "Champions Chess Tour ChessKid Cup 2023"]
[Site "Chess.com"]
[Date "2023.05.24"]
[Round "52"]
[White "Moussard, Jules"]
[Black "Kollars, Dmitrij"]
[Result "1-0"]
[WhiteElo "2644"]
[BlackElo "2607"]
[ECO "C83"]
[EventDate "2023.??.??"]
[Annotator "pigle"]
[PlyCount "83"]
[Beauty "7564511150113"]
[EventType "team-tourn"]
[TimeControl "900+3"]

1.e4 e5 2.Nf3 Nc6 3.Bb5 a6 4.Ba4 Nf6 5.O-O Nxe4 {The Open Variation is one of Black's best choices in the Ruy Lopez.} 6.d4 b5 7.Bb3 d5 8.dxe5 Be6 9.c3 Be7 10.Bc2 {Only the fourth most popular move and much rarer than the main line 10.Nbd2.} 10...Bg4 11.h3 ( 11.Qe1 {was played in an important GM game in 2023.} 11...Nc5 12.Nd4 Nxd4 13.cxd4 Ne6 14.Qd2 O-O 15.Nc3 Bh5 16.f4 f5 {with a balanced position in Esipenko-Narayanan, Jermuk 2023.} ) 11...Bxf3 $6 {[%c_effect f3;square;f3;type;Inaccuracy;persistent;true] This is a mistake. It's better to keep this bishop with} ( 11...Bh5 {for instance:} 12.g4 Bg6 13.Nd4 {with a complicated game in Caruana-Wei, Wijk aan Zee 2016.} ) 12.gxf3 Nc5 13.b4 $5 {[%c_effect b4;square;b4;type;Interesting;persistent;true] An interesting theoretical novelty.} ( 13.f4 {is also good for White and was played in Polgar-Huebner, Munich 1991.} ) 13...Na4 {A knight on the rim is not always dim. The knight gets ready to go to b6 and protect the important d5-pawn.} ( 13...Ne6 14.f4 {This is just winning as White's center is strong, and the knight is not so well placed on e6. White can also play to attack the d5-pawn.} ) 14.f4 ( 14.Bxa4 $2 {[%c_effect a4;square;a4;type;Mistake;persistent;true] is a horrible positional mistake.} 14...bxa4 15.Qxa4 Qd7 ) 14...Qd7 15.Qf3 ( 15.Re1 $1 {[%c_effect e1;square;e1;type;GreatFind;persistent;true] is more accurate, preparing to advance the f-pawn. White has the advantage after} 15...O-O 16.f5 f6 17.e6 ) 15...O-O ( 15...O-O-O $1 {[%c_effect c8;square;c8;type;GreatFind;persistent;true] is a bold move, but it's actually the computer's first choice.} ) 16.Rd1 Rad8 17.Nd2 f6 {a good move, trying to break White's pawn chain.} 18.Qh5 $1 {[%c_effect h5;square;h5;type;GreatFind;persistent;true] Forcing Black to release the tension.} 18...f5 ( 18...g6 $2 {[%c_effect g6;square;g6;type;Mistake;persistent;true] loses to} 19.Bxg6 hxg6 20.Qxg6+ Kh8 21.Qh5+ Kg8 22.Kh2 Rf7 23.Rg1+ Rg7 24.Rxg7+ Kxg7 25.Ba3 {followed by 26.Rg1.} ) 19.Qf3 Kh8 ( 19...d4 $5 {[%c_effect d4;square;d4;type;Interesting;persistent;true] is a possible way to fight for counterplay.} 20.Bxa4 bxa4 21.Bb2 dxc3 22.Bxc3 Nxb4 {with an equal position.} ) 20.Nf1 d4 $1 {[%c_effect d4;square;d4;type;GreatFind;persistent;true] Black can't wait any longer.} 21.Bxa4 bxa4 22.Be3 Qe6 ( 22...d3 {is also possible:} 23.Rd2 g5 $1 24.Rad1 Rg8 25.Ng3 Qe6 {with a complicated position.} ) 23.Bxd4 ( 23.cxd4 Nxb4 {is good for Black as the knight goes to the excellent d5-square.} ) 23...Bxb4 $1 ( 23...Nxd4 $2 24.cxd4 {followed by the advance of the d-pawn.} ) 24.Ne3 Be7 {The game is played at a very high level. The position is balanced.} 25.Qe2 Na5 $6 {[%c_effect a5;square;a5;type;Inaccuracy;persistent;true] It turns out we never really know when the knight on the rim is really dim.} ( 25...g5 $1 {[%c_effect g5;square;g5;type;GreatFind;persistent;true] is very good, starting counterplay on the kingside. The computer evaluates the position as equal, but I feel it's easier to play with Black.} ) 26.c4 Nc6 27.Bc3 Bc5 28.Nd5 Ne7 $2 {[%c_effect e7;square;e7;type;Mistake;persistent;true] Now the game goes downhill for Black. The position is still acceptable after} ( 28...Rd7 29.Rd3 Nd8 $1 30.Rad1 Qg6+ 31.Kh2 Ne6 ) 29.Nxc7 Qc6 30.Ba5 Rxd1+ ( 30...a3 {My computer screams this as the best move, so it's clear something is very wrong with Black's position.} ) 31.Rxd1 Qh6 32.Qf3 {White is a pawn up and has a better pawn structure. The bishop is ready to go back to c3 and the knight to d5. The position is winning, and Moussard plays good moves until the end.} 32...Nc6 33.Bc3 Ne7 34.Rd7 Rb8 35.Kh2 $1 Ng6 36.e6 Bf8 37.Nd5 Nh4 38.Qg3 Re8 39.e7 Bxe7 40.Rxe7 Rxe7 41.Nxe7 a3 42.c5 1-0

[Event "Champions Chess Tour ChessKid Cup 2023"]
[Site "Chess.com"]
[Date "2023.05.25"]
[Round "53"]
[White "Caruana, Fabiano"]
[Black "Moussard, Jules"]
[Result "1-0"]
[WhiteElo "2764"]
[BlackElo "2644"]
[ECO "C42"]
[EventDate "2023.??.??"]
[Annotator "rafael"]
[PlyCount "93"]
[Beauty "7217289890335"]
[EventType "team-tourn"]
[TimeControl "900+3"]

1.e4 e5 2.Nf3 Nf6 3.Nxe5 d6 4.Nf3 Nxe4 5.d4 d5 6.Bd3 Bd6 {This variation of the Petroff Defense is very popular nowadays. Nepomniachtchi had great success with it in last year's Candidates Tournament.} 7.O-O O-O 8.c4 c6 9.Re1 Bf5 10.Qb3 Qd7 11.Be3 ( 11.Nh4 {Caruana played this interesting novelty against Nepomniachtchi in their crucial game of the Candidates Tournament, achieving an excellent position, although the game ended in a draw. Caruana-Nepomniachtchi, Madrid 2022.} ) 11...dxc4 12.Bxc4 b5 {A new and good move. It guarantees the a6-square for the knight.} ( 12...Qc7 13.Nc3 {White probably should search for a better move instead of this one.} 13...Nxc3 14.bxc3 Nd7 {with an equal position in Leko-Anand, Leon (rapid) 2001.} ) ( 12...Na6 13.Ne5 $5 {[%c_effect e5;square;e5;type;Interesting;persistent;true] was played in Vachier Lagrave-Deac, Bucharest 2022.} ) 13.Bd3 Na6 14.a3 $1 {[%c_effect a3;square;a3;type;GreatFind;persistent;true] Avoiding 14...Nb4.} 14...Bg6 ( 14...Rfe8 {is also possible for Black.} ) 15.Nh4 Rfe8 16.Nxg6 hxg6 17.Nc3 Nxc3 18.bxc3 Kf8 $2 {[%c_effect f8;square;f8;type;Mistake;persistent;true] This move is the beginning of Black's problems because it loses an important tempo. Moussard probably was concerned with the tactical idea of Bxg6, but Black also has his own trick.} ( 18...Nc7 $1 {[%c_effect c7;square;c7;type;GreatFind;persistent;true] leads to an equal position. If White captures on g6, then} 19.Bxg6 Bxh2+ $1 {[%c_effect h2;square;h2;type;GreatFind;persistent;true] regains the pawn:} 20.Kxh2 Qd6+ 21.Kg1 Qxg6 {with a good position.} ) 19.a4 Nc7 20.axb5 cxb5 21.Ra5 $1 {[%c_effect a5;square;a5;type;GreatFind;persistent;true] An excellent move, avoiding a7-a5 and paralyzing Black's queenside.} 21...a6 22.g3 $1 {[%c_effect g3;square;g3;type;GreatFind;persistent;true] No hurry.} 22...Rab8 23.Rea1 Qg4 24.Kg2 Qd7 {Black has no active plan. The knight on c7 is tied to the defense of the a6-pawn, and White has a passed pawn and the bishop pair.} 25.Be2 $1 {[%c_effect e2;square;e2;type;GreatFind;persistent;true] Another excellent move: the bishop goes to a better diagonal.} 25...Kg8 26.Bf3 Red8 27.h4 $5 {[%c_effect h4;square;h4;type;Interesting;persistent;true] White's natural plan is to play c4 at some point, but Caruana is patient and improves his position before that. This strategy is ideal when your opponent has no active plan, as it's very difficult and torturous to keep moving the pieces back and forth. Your opponent wants you to do something so he can calculate concrete variations, and when that doesn't happen, they often decide to do something themselves—often worsening their position. That's exactly what will happen in this game.} 27...Bf8 28.Rh1 {Speculating with the advance of the h-pawn.} 28...Qe6 $2 {[%c_effect e6;square;e6;type;Mistake;persistent;true] This hopelessly damages the pawn structure. Black should continue the waiting strategy.} 29.Qxe6 fxe6 ( 29...Nxe6 30.Rxa6 b4 {This attempt doesn't work after the accurate} 31.Rc6 $1 {[%c_effect c6;square;c6;type;GreatFind;persistent;true] and if} 31...bxc3 {White wins a piece after} 32.d5 {The point of the rook on c6 is made clear: the knight cannot go to c5.} ) 30.Bg5 Rdc8 31.Rc1 $1 {[%c_effect c1;square;c1;type;GreatFind;persistent;true] Caruana prepares the decisive advance of the c-pawn.} 31...Bd6 32.c4 bxc4 33.Rxc4 Kf7 34.Rc6 Nb5 {This loses material, but the position is already lost.} ( 34...Bb4 35.Ra4 a5 36.Bg4 $1 {[%c_effect g4;square;g4;type;GreatFind;persistent;true] Black's pieces can barely move.} ) 35.Rxb5 $1 axb5 36.Rxd6 {White has a winning material advantage and powerful bishops. The game is over.} 36...b4 37.Rd7+ Kg8 38.Bf4 Rb6 39.Be5 b3 40.Be4 b2 41.Bxg6 b1=Q 42.Bxb1 Rxb1 43.Rxg7+ Kf8 44.h5 Rcc1 45.h6 Rg1+ 46.Kf3 Rh1 47.h7 1-0